 Dungeon Sprint DCSS version 0.26-a0-667-g92642533e4 (webtiles) character file.

Game seed: 1586565620052330632

138387 sahdkjhfkaj the Blood Saint (level 16, -27/147 HPs)
             Began as a Demonspawn Fighter on Oct 18, 2020.
             Was the Champion of Yredelemnul.
             Killed from afar by a hellion (32 damage)
             ... with damnation
             ... in the Dungeon (Sprint VII: "The Pits").
             The game lasted 00:28:02 (6478 turns).

sahdkjhfkaj the Blood Saint (Demonspawn Fighter)    Turns: 6478, Time: 00:28:05

Health: -27/147    AC: 42    Str: 18    XL:     16   Next: 41%
Magic:  22/33      EV: 16    Int: 11    God:    Yredelemnul [******]
Gold:   55         SH: 29    Dex: 13    Spells: 15/15 levels left

rFire    + . .     SeeInvis .   t - +9 broad axe (vorpal)
rCold    + + .     Faith    .   a - +1 tower shield
rNeg     . . .     Spirit   .   y - +27 Lear's hauberk
rPois    +         Reflect  +   (helmet currently unavailable)
rElec    +         Harm     .   (no cloak)
rCorr    .         Rampage  .   (gloves currently unavailable)
MR       ++++.     NoTele   +   (boots currently unavailable)
Stlth    ..........             A - amulet "Qoajal" {Reflect +Fly Slay+3 SH+5}
HPRegen  3.34/turn              p - ring "Edejanys" {rElec rPois MR+++ Str-4 Slay-4}
MPRegen  0.23/turn              q - ring "Ijois" {rF+ rC++}

@: wreathed by umbra
A: claws 2, rugged brown scales 1, powered by death 2, spiny 2, no potion heal 1
}: 1/3 runes: silver
a: Recall Undead Slaves, Injury Mirror, Animate Dead, Drain Life, Enslave Soul,
Renounce Religion, Evoke Flight


You were in the Dungeon.
You worshipped Yredelemnul.
Yredelemnul was exalted by your worship.
You visited 1 branch You collected 55 gold pieces.

Inventory:

Hand Weapons
 t - a +9 vorpal broad axe (weapon)
Missiles
 c - a throwing net (quivered)
Armour
 a - a +1 tower shield (worn)
 y - the +27 Lear's hauberk (worn)
   (You found it in the Dungeon)
Jewellery
 p - the ring "Edejanys" (left claw) {rElec rPois MR+++ Str-4 Slay-4}
   (You found it in the Dungeon)

   [ring of poison resistance]

   It affects your strength (-4).
   It affects your accuracy and damage with ranged weapons and melee attacks
   (-4).
   It insulates you from electricity.
   It protects you from poison.
   It affects your resistance to hostile enchantments.
 q - the ring "Ijois" (right claw) {rF+ rC++}
   (You found it in the Dungeon)

   [ring of protection from fire]

   It protects you from fire.
   It greatly protects you from cold.
 A - the amulet "Qoajal" (around neck) {Reflect +Fly Slay+3 SH+5}
   (You found it in the Dungeon)

   [amulet of reflection]

   It shields you and reflects attacks.
   It affects your accuracy and damage with ranged weapons and melee attacks
   (+3).
   It lets you fly.
   It affects your SH (+5).
Wands
 b - a wand of polymorph (7)
 D - a wand of acid (9)
Scrolls
 j - a scroll of blinking
 l - 7 scrolls of remove curse
 m - 6 scrolls of amnesia
 v - 4 scrolls of fear
 w - 2 scrolls of identify
 z - 4 scrolls of enchant armour
 B - 3 scrolls of enchant weapon
 F - 2 scrolls of fog
Potions
 d - 4 potions of might {!q}
 e - 9 potions of curing {!q}
 f - 22 potions of heal wounds {!q}
 g - 9 potions of haste {!q}
 h - 7 potions of magic {!q}
 i - 5 potions of berserk rage {!q}
 k - 2 potions of invisibility {!q}
 o - 2 potions of stabbing {!q}
 r - 3 potions of resistance {!q}
 s - 7 potions of mutation {!q}
 x - a potion of brilliance {!q}
Miscellaneous
 n - a box of beasts (3/3)
 u - a condenser vane (2/2)
 C - a phial of floods
 E - a lightning rod (4/4)


   Skills:
 + Level 18.1 Fighting
 - Level 18.0 Axes
 + Level 16.8 Armour
 + Level 18.1 Dodging
 * Level 22.2 Shields
 O Level 27 Invocations
 * Level 9.7 Evocations


You had 15 spell levels left.
You didn't know any spells.
Your spell library contained the following spells:

 Spells                   Type           Power        Failure   Level
 Apportation              Tloc           #.....       96%         1
 Beastly Appendage        Tmut           #.....       96%         1
 Corona                   Hex            #......      96%         1
 Foxfire                  Conj/Fire      #...         96%         1
 Magic Dart               Conj           #...         96%         1
 Sandblast                Erth           #.....       96%         1
 Shock                    Conj/Air       #...         96%         1
 Sting                    Tmut/Pois      #...         96%         1
 Corpse Rot               Necr/Air       N/A          99%         2
 Ensorcelled Hibernation  Hex/Ice        #.....       99%         2
 Passwall                 Tmut/Erth      #.......     99%         2
 Poisonous Vapours        Pois/Air       #.....       99%         2
 Searing Ray              Conj           #.....       99%         2
 Sublimation of Blood     Necr           #.........   99%         2
 Swiftness                Air            #.......     99%         2
 Wereblood                Tmut           #.......     99%         2
 Call Canine Familiar     Summ           #.......     100%        3
 Conjure Flame            Conj/Fire      #.......     100%        3
 Dazzling Flash           Conj/Hex       #.....       100%        3
 Gell's Gravitas          Tloc           #.........   100%        3
 Ignite Poison            Fire/Tmut/Pois #.......     100%        3
 Mephitic Cloud           Conj/Pois/Air  #.......     100%        3
 Portal Projectile        Hex/Tloc       #.....       100%        3
 Spider Form              Tmut/Pois      #.........   100%        3
 Static Discharge         Conj/Air       #.......     100%        3
 Stone Arrow              Conj/Erth      #.....       100%        3
 Teleport Other           Tloc           #.......     100%        3
 Tukima's Dance           Hex            #.......     100%        3
 Vampiric Draining        Necr           #.........   100%        3
 Airstrike                Air            #.........   100%        4
 Animate Dead             Necr           #.........   100%        4
 Cause Fear               Hex            #.........   100%        4
 Dispel Undead            Necr           #.......     100%        4
 Fulminant Prism          Conj/Hex       #.........   100%        4
 Ice Form                 Ice/Tmut       #.......     100%        4
 Iskenderun's Mystic Bla  Conj/Tloc      #.......     100%        4
 Leda's Liquefaction      Hex/Erth       #.........   100%        4
 Olgreb's Toxic Radiance  Pois           #.......     100%        4
 Passage of Golubria      Tloc           N/A          100%        4
 Blade Hands              Tmut           #.........   100%        5
 Borgnjor's Vile Clutch   Necr/Erth      #.........   100%        5
 Excruciating Wounds      Necr           #.........   100%        5
 Iskenderun's Battlesphe  Conj           #.......     100%        5
 Lee's Rapid Deconstruct  Erth           #.........   100%        5
 Lightning Bolt           Conj/Air       #.........   100%        5
 Metabolic Englaciation   Hex/Ice        #.........   100%        5
 Silence                  Hex/Air        #.........   100%        5
 Summon Forest            Summ/Tloc      #.........   100%        5
 Summon Mana Viper        Hex/Summ       #.......     100%        5
 Yara's Violent Unravell  Hex/Tmut       #.........   100%        5
 Death Channel            Necr           #.........   100%        6
 Dispersal                Tloc           #.........   100%        6
 Freezing Cloud           Conj/Ice/Air   #.........   100%        6
 Invisibility             Hex            #.......     100%        6
 Iron Shot                Conj/Erth      #.........   100%        6
 Ozocubu's Refrigeration  Ice            #.........   100%        6
 Simulacrum               Ice/Necr       #.........   100%        6
 Discord                  Hex            #.........   100%        8


Dungeon Overview and Level Annotations

Branches:
Dungeon (1/1)

Altars:
Ashenzari
Cheibriados
Dithmenos
Elyvilon
Fedhas
Gozag
Hepliaklqana
Kikubaaqudgha
Makhleb
Nemelex Xobeh
Okawaru
Qazlal
Ru
Sif Muna
Trog
Uskayaw
Vehumet
Wu Jian
Xom
Yredelemnul
Zin
The Shining One
Beogh
Jiyva
Lugonu

Annotations:
D Prince Ribbit


Innate Abilities, Weirdness & Mutations

You have very sharp fingernails.
You are partially covered in rugged brown scales. (AC +1, +3% HP)
You regenerate health from kills.
You are mostly covered in sharp spines.
Potions are less effective at restoring your health.


Message History

Press: ? - help, Dir - move target cursor, f - vampire, p - Brimstone Fiend
Aim: a vampire (friendly)
You can't blink onto your vampire!
Blink to where?
Press: ? - help, Dir - move target cursor, f - you, p - vampire
Okay, then.
You swap places.
The nagaraja gestures at you while chanting.
The bolt of poison hits something.
The bolt of poison hits your profane servitor.
Your profane servitor completely resists.
The bolt of poison hits your vampire knight.
Your vampire knight completely resists.
The bolt of poison hits your profane servitor.
Your profane servitor completely resists.
The bolt of poison misses you. The hellion gestures at you.
The sphere of damnation explodes!
The damnation engulfs you!!
You die...
Your body rises from the dead as a mindless zombie. #+# ##☼## §2§ 1NV

#)#
#A#
#V#
#A#
#@#
#z#
#V#
#D#
#W#
#W#
#V#
#V#
#.#


You could see a Brimstone Fiend (possessable), a nagaraja (fast), a hellion, a
vampire, a friendly bone dragon, 2 friendly profane servitors, a friendly
vampire knight (invisible), a friendly skeletal warrior, 2 friendly flayed
ghosts and 3 friendly vampires.

Vanquished Creatures
  A pearl dragon (D)
  A sphinx (D)
  Frances (D)
  A frost giant (D)
  2 fire giants (D)
  A nagaraja (D)
  A draconian scorcher (D)
  3 deep elf sorcerers (D)
  8 orc warlords (D)
  A vampire knight (D)
  A black draconian (D)
  2 minotaurs (D)
  A deep elf annihilator (D)
  A merfolk impaler (D)
  A yaktaur captain (D)
  2 deep elf high priests (D)
  A vault guard (D)
  An ice dragon (D)
  2 naga warriors (D)
  A catoblepas (D)
  A centaur warrior (D)
  2 death knights (D)
  2 death yaks (D)
  2 deep elf knights (D)
  4 orc high priests (D)
  A fire crab (D)
  A cherub (D)
  3 sea snakes (D)
  A wizard (D)
  A lindwurm (D)
  25 orc knights (D)
  A phantasmal warrior (D)
  2 orc sorcerers (D)
  A deep elf mage (D)
  A naga mage (D)
  A komodo dragon (D)
  2 yaktaurs (D)
  A slime creature (D)
  2 merfolk (D)
  A wind drake (D)
  4 dream sheep (D)
  A bog body (D)
  A shadow (D)
  A basilisk (D)
  A tarantella (D)
  4 redbacks (D)
  A fire elemental (D)
  2 steam dragons (D)
  3 nagas (D)
  An insubstantial wisp (D)
  A hell hound (D)
  A floating eye (D)
  19 orc warriors (D)
  Purgy (D)
  An eye of draining (D)
  6 wolves (D)
  A centaur (D)
  A bullfrog (D)
  A scorpion (D)
  5 killer bees (D)
  A crimson imp (D)
  A gnoll shaman (D)
  An orc priest (D)
  A hell rat (D)
  A worker ant (D)
  4 gnolls (D)
  An ufetubus (D)
  2 leopard geckos (D)
  2 orcs (D)
  A ball python (D)
  2 bats (D)
  A hobgoblin (D)
  A bat simulacrum (D)
163 creatures vanquished.

Vanquished Creatures (collateral kills)
  A pandemonium lord (D)
  A greater mummy (D)
  A Killer Klown (D)
  Jory (D)
  A lich (D)
  A deep elf master archer (D)
  A titan (D)
  A death cob (D)
  A shadow dragon (D)
  4 sphinxes (D)
  A nagaraja (D)
  2 orc warlords (D)
  A deep elf sorcerer (D)
  A ghost moth (D)
  2 frost giants (D)
  An emperor scorpion (D)
  An angel (D)
  2 green draconians (D)
  2 deep elf demonologists (D)
  A stone giant (D)
  An apis (D)
  A minotaur (D)
  A black draconian (D)
  A purple draconian (D)
  A red draconian (D)
  A dire elephant (D)
  An ettin (D)
  A deep elf death mage (D)
  2 white draconians (D)
  2 green deaths (D)
  A deep elf high priest (D)
  2 naga warriors (D)
  A rakshasa (D)
  A boulder beetle (D)
  A catoblepas (D)
  3 vault guards (D)
  A spriggan air mage (D)
  An anaconda (D)
  A death knight (D)
  A merfolk avatar (D)
  A centaur warrior (D)
  2 death yaks (D)
  3 orc high priests (D)
  A sixfirhy (D)
  A sea snake (D)
  An unseen horror (D)
  A flayed ghost (D)
  A swamp dragon (D)
  A deep elf mage (D)
  13 orc knights (D)
  A wolf spider (D)
  An orc sorcerer (D)
  3 slime creatures (D)
  An elephant (D)
  2 molten gargoyles (D)
  A smoke demon (D)
  2 rust devils (D)
  An orange demon (D)
  A komodo dragon (D)
  A hellion (D)
  A hellwing (D)
  2 yaktaurs (D)
  2 guardian mummies (D)
  A red devil (D)
  A wandering mushroom (D)
  3 merfolk (D)
  3 jumping spiders (D)
  A polar bear (D)
  4 blink frogs (D)
  4 dream sheep (D)
  A redback (D)
  An air elemental (D)
  A wyvern (D)
  A tarantella (D)
  A wraith (D)
  Eustachio (D)
  A chaos spawn (D)
  A basilisk (D)
  A neqoxec (D)
  A steam dragon (D)
  2 insubstantial wisps (D)
  A naga (D)
  A large abomination (D)
  3 hell hounds (D)
  3 orc warriors (D)
  An eye of draining (D)
  A wolf (D)
  A bullfrog (D)
  A gnoll sergeant (D)
  A killer bee (D)
  An iguana (D)
  Ijyb (D)
  2 adders (D)
  5 gnolls (D)
  An adder skeleton (D)
  2 adder simulacra (D)
  A bat (D)
  A bat zombie (D)
  2 giant cockroach simulacra (D)
  A goblin (D)
  A jackal skeleton (D)
156 creatures vanquished.

Vanquished Creatures (others)
  A profane servitor (D)
  A bone dragon (D)
  6 ghouls (D)
  A vampire knight (D)
  6 skeletal warriors (D)
  5 flayed ghosts (D)
  5 phantasmal warriors (D)
  5 flying skulls (D)
  12 vampires (D)
  2 wraiths (D)
  A floating eye (D)
  2 wights (D)
  A mummy (D)
  An orc (D)
49 creatures vanquished.

Grand Total: 368 creatures vanquished

Notes
Turn   | Place    | Note
-------+----------+-------------------------------------------
     0 | D        | sahdkjhfkaj the Demonspawn Fighter began the quest for the
                  | Orb.
     0 | D        | Reached XP level 1. HP: 18/18 MP: 1/1
    67 | D        | Found a bloodstained altar of Trog.
    67 | D        | Found a shimmering blue altar of Sif Muna.
    67 | D        | Found a viscous altar of Jiyva.
    67 | D        | Found a hazy altar of Hepliaklqana.
    67 | D        | Found an opulent altar of Gozag.
    68 | D        | Found a glowing golden altar of the Shining One.
    68 | D        | Found a glowing silver altar of Zin.
    68 | D        | Found a basalt altar of Yredelemnul.
    68 | D        | Found a shimmering altar of Xom.
    68 | D        | Found an ornate altar of the Wu Jian Council.
    68 | D        | Found a sacrificial altar of Ru.
    68 | D        | Found a stormy altar of Qazlal.
    68 | D        | Found an iron altar of Okawaru.
    68 | D        | Found a sparkling altar of Nemelex Xobeh.
    68 | D        | Found a burning altar of Makhleb.
    68 | D        | Found a blossoming altar of Fedhas.
    68 | D        | Found a white marble altar of Elyvilon.
    68 | D        | Found a shadowy altar of Dithmenos.
    68 | D        | Found a snail-covered altar of Cheibriados.
    69 | D        | Found a radiant altar of Vehumet.
    69 | D        | Found a corrupted altar of Lugonu.
    69 | D        | Found a roughly hewn altar of Beogh.
    70 | D        | Found an ancient bone altar of Kikubaaqudgha.
    70 | D        | Found a hide-covered altar of Uskayaw.
    70 | D        | Found a broken altar of Ashenzari.
    80 | D        | Became a worshipper of Yredelemnul the Dark
   111 | D        | Noticed a worker ant
   118 | D        | Killed a worker ant
   118 | D        | Reached skill level 1 in Dodging
   118 | D        | Reached skill level 2 in Invocations
   118 | D        | Gained mutation: You have sharp fingernails. [demonic
                  | ancestry]
   118 | D        | Reached XP level 2. HP: 11/24 MP: 2/4
   281 | D        | Noticed a floating eye
   284 | D        | Paralysed by a floating eye for 2 turns
   286 | D        | Reached * piety under Yredelemnul
   286 | D        | Reached skill level 3 in Invocations
   287 | D        | Reached XP level 3. HP: 29/29 MP: 5/5
   290 | D        | Paralysed by a floating eye for 2 turns
   293 | D        | Killed a floating eye
   293 | D        | Reached skill level 5 in Invocations
   293 | D        | Gained mutation: You have very sharp fingernails. [demonic
                  | ancestry]
   293 | D        | Reached XP level 4. HP: 38/38 MP: 5/8
   327 | D        | Reached ** piety under Yredelemnul
   327 | D        | Reached skill level 5 in Shields
   333 | D        | Reached XP level 5. HP: 22/43 MP: 9/9
   334 | D        | Reached skill level 6 in Invocations
   541 | D        | Noticed Prince Ribbit
   546 | D        | Noticed Purgy
   547 | D        | Reached *** piety under Yredelemnul
   547 | D        | Reached skill level 5 in Axes
   557 | D        | Reached skill level 5 in Fighting
   557 | D        | Reached skill level 7 in Invocations
   568 | D        | Gained mutation: You are partially covered in sharp spines.
                  | [demonic ancestry]
   568 | D        | Reached XP level 6. HP: 27/51 MP: 11/11
   583 | D        | HP: 2/51 [Purgy (2)]
   586 | D        | Killed Purgy
   586 | D        | Reached skill level 5 in Armour
   586 | D        | Reached skill level 8 in Invocations
   587 | D        | Reached **** piety under Yredelemnul
   599 | D        | Received a gift from Yredelemnul (4 flying skulls)
   769 | D        | Noticed a wraith
   780 | D        | Killed a wraith
   780 | D        | Reached skill level 9 in Invocations
   780 | D        | Reached XP level 7. HP: 39/57 MP: 13/13
   781 | D        | Received a gift from Yredelemnul (a mummy)
   869 | D        | Noticed Ijyb
   875 | D        | Killed Ijyb
   879 | D        | Received a gift from Yredelemnul (a flying skull)
   883 | D        | Received a gift from Yredelemnul (a wight)
   902 | D        | Noticed a boulder beetle
   902 | D        | Noticed a steam dragon
   906 | D        | Killed a steam dragon
   907 | D        | Received a gift from Yredelemnul (a wraith)
   926 | D        | Killed a boulder beetle
   926 | D        | Reached skill level 5 in Dodging
   926 | D        | Reached skill level 10 in Invocations
   926 | D        | Reached XP level 8. HP: 65/65 MP: 5/16
  1124 | D        | Noticed a sea snake
  1129 | D        | Reached skill level 11 in Invocations
  1131 | D        | Killed a sea snake
  1131 | D        | Received a gift from Yredelemnul (a wight)
  1241 | D        | Noticed an orc knight
  1241 | D        | Noticed a slime creature
  1242 | D        | Noticed Eustachio
  1243 | D        | Noticed a sea snake
  1243 | D        | Noticed a slime creature
  1244 | D        | Reached ***** piety under Yredelemnul
  1244 | D        | Received a gift from Yredelemnul (2 flying skulls)
  1245 | D        | Noticed a merfolk
  1245 | D        | Noticed a slime creature
  1246 | D        | Noticed a slime creature
  1247 | D        | Noticed a slime creature
  1248 | D        | Noticed a slime creature
  1249 | D        | Reached skill level 12 in Invocations
  1251 | D        | Killed an orc knight
  1251 | D        | Gained mutation: You regenerate a little health from kills.
                  | [demonic ancestry]
  1251 | D        | Reached XP level 9. HP: 73/73 MP: 5/18
  1253 | D        | Killed a sea snake
  1253 | D        | Reached skill level 13 in Invocations
  1255 | D        | Reached skill level 10 in Shields
  1258 | D        | Noticed a wolf spider
  1258 | D        | an enormous slime creature changed into a wolf spider
  1264 | D        | Killed a wolf spider
  1264 | D        | Reached skill level 10 in Axes
  1265 | D        | Received a gift from Yredelemnul (a wight)
  1267 | D        | Killed a large slime creature
  1272 | D        | Killed a merfolk
  1278 | D        | Killed Eustachio
  1279 | D        | Received a gift from Yredelemnul (a phantasmal warrior)
  1553 | D        | Noticed a sea snake
  1554 | D        | Noticed a guardian mummy
  1556 | D        | Killed a sea snake
  1556 | D        | Reached skill level 14 in Invocations
  1556 | D        | Gained mutation: You are mostly covered in sharp spines.
                  | [demonic ancestry]
  1556 | D        | Reached XP level 10. HP: 82/82 MP: 20/20
  1560 | D        | Received a gift from Yredelemnul (a wraith)
  1560 | D        | Received a gift from Yredelemnul (a wraith)
  1608 | D        | Noticed a lindwurm
  1613 | D        | Killed a lindwurm
  1615 | D        | Received a gift from Yredelemnul (a vampire)
  1616 | D        | Reached ****** piety under Yredelemnul
  1617 | D        | Received a gift from Yredelemnul (a vampire)
  1620 | D        | Received a gift from Yredelemnul (a vampire)
  1624 | D        | Killed an unseen horror
  1629 | D        | Received a gift from Yredelemnul (a vampire)
  1631 | D        | Noticed a sea snake
  1640 | D        | Killed a sea snake
  1640 | D        | Reached skill level 15 in Invocations
  2007 | D        | Noticed an orange demon
  2007 | D        | Noticed a smoke demon
  2013 | D        | Received a gift from Yredelemnul (a skeletal warrior)
  2015 | D        | Killed a smoke demon
  2021 | D        | Received a gift from Yredelemnul (a ghoul)
  2022 | D        | Killed an orange demon
  2023 | D        | Received a gift from Yredelemnul (a skeletal warrior)
  2023 | D        | Received a gift from Yredelemnul (a vampire)
  2023 | D        | Received a gift from Yredelemnul (a ghoul)
  2025 | D        | Gained mutation: You regenerate health from kills. [demonic
                  | ancestry]
  2025 | D        | Reached XP level 11. HP: 90/90 MP: 11/22
  2027 | D        | Received a gift from Yredelemnul (a flayed ghost)
  2038 | D        | Noticed a deep elf mage
  2038 | D        | Noticed a centaur warrior
  2038 | D        | Noticed an orc high priest
  2038 | D        | Noticed a deep elf mage
  2038 | D        | Noticed an orc sorcerer
  2041 | D        | Killed an orc sorcerer
  2042 | D        | Killed an orc high priest
  2042 | D        | Reached skill level 16 in Invocations
  2042 | D        | Reached skill level 10 in Fighting
  2042 | D        | Killed a deep elf mage
  2042 | D        | Received a gift from Yredelemnul (a phantasmal warrior)
  2042 | D        | Received a gift from Yredelemnul (a skeletal warrior)
  2042 | D        | Received a gift from Yredelemnul (a phantasmal warrior)
  2042 | D        | Received a gift from Yredelemnul (a vampire)
  2043 | D        | Killed a centaur warrior
  2048 | D        | Killed a deep elf mage
  2049 | D        | Received a gift from Yredelemnul (a phantasmal warrior)
  2051 | D        | Noticed a swamp dragon
  2058 | D        | Killed a swamp dragon
  2059 | D        | Received a gift from Yredelemnul (a ghoul)
  2059 | D        | Received a gift from Yredelemnul (a bone dragon)
  2477 | D        | Noticed an orc sorcerer
  2485 | D        | Killed an orc sorcerer
  2485 | D        | Reached skill level 17 in Invocations
  2486 | D        | Killed a ghost moth
  2626 | D        | Noticed an anaconda
  2627 | D        | Received a gift from Yredelemnul (a phantasmal warrior)
  2627 | D        | Received a gift from Yredelemnul (a vampire)
  2632 | D        | Killed an anaconda
  2633 | D        | Received a gift from Yredelemnul (a phantasmal warrior)
  2633 | D        | Received a gift from Yredelemnul (a flayed ghost)
  2781 | D        | Received a gift from Yredelemnul (a bone dragon)
  2782 | D        | Reached skill level 10 in Armour
  2792 | D        | Noticed a rakshasa
  2796 | D        | Received a gift from Yredelemnul (a profane servitor)
  2796 | D        | Received a gift from Yredelemnul (a profane servitor)
  2796 | D        | Received a gift from Yredelemnul (a skeletal warrior)
  2801 | D        | Killed a rakshasa
  2801 | D        | Reached XP level 12. HP: 97/100 MP: 6/24
  3027 | D        | Noticed a death yak
  3027 | D        | Noticed a death yak
  3027 | D        | Noticed a death yak
  3028 | D        | Noticed an orc warlord
  3028 | D        | Noticed an orc warlord
  3028 | D        | Noticed a vault guard
  3028 | D        | Noticed a naga warrior
  3028 | D        | Noticed a vault guard
  3029 | D        | Noticed a death yak
  3029 | D        | Noticed a yaktaur captain
  3031 | D        | Killed a death yak
  3031 | D        | Reached skill level 18 in Invocations
  3031 | D        | Received a gift from Yredelemnul (a ghoul)
  3031 | D        | Noticed a naga warrior
  3031 | D        | Noticed a catoblepas
  3032 | D        | Reached skill level 19 in Invocations
  3032 | D        | Received a gift from Yredelemnul (a skeletal warrior)
  3032 | D        | Received a gift from Yredelemnul (a ghoul)
  3032 | D        | Received a gift from Yredelemnul (a flayed ghost)
  3032 | D        | Received a gift from Yredelemnul (a ghoul)
  3032 | D        | Killed a death yak
  3032 | D        | Reached skill level 20 in Invocations
  3032 | D        | Noticed a vault guard
  3033 | D        | Killed a vault guard
  3033 | D        | Reached skill level 21 in Invocations
  3034 | D        | Killed a death yak
  3034 | D        | Killed a naga warrior
  3034 | D        | Reached skill level 22 in Invocations
  3034 | D        | Killed a vault guard
  3034 | D        | Reached skill level 23 in Invocations
  3034 | D        | Received a gift from Yredelemnul (a phantasmal warrior)
  3034 | D        | Received a gift from Yredelemnul (a skeletal warrior)
  3034 | D        | Received a gift from Yredelemnul (a phantasmal warrior)
  3034 | D        | Received a gift from Yredelemnul (a ghoul)
  3034 | D        | Noticed a naga warrior
  3035 | D        | Killed a death yak
  3035 | D        | Killed an orc warlord
  3035 | D        | Reached skill level 24 in Invocations
  3036 | D        | Killed an orc warlord
  3036 | D        | Gained mutation: You are partially covered in rugged brown
                  | scales. (AC +1, +3% HP) [demonic ancestry]
  3036 | D        | Reached XP level 13. HP: 100/109 MP: 7/29
  3036 | D        | Reached skill level 25 in Invocations
  3036 | D        | Received a gift from Yredelemnul (a ghoul)
  3036 | D        | Received a gift from Yredelemnul (a ghoul)
  3037 | D        | Noticed a death cob
  3039 | D        | Killed a death cob
  3039 | D        | Reached skill level 26 in Invocations
  3058 | D        | Found the +27 Lear's hauberk
  3174 | D        | Received a gift from Yredelemnul (a vampire)
  3174 | D        | Received a gift from Yredelemnul (a ghoul)
  3460 | D        | Received a gift from Yredelemnul (a phantasmal warrior)
  3463 | D        | Received a gift from Yredelemnul (a ghoul)
  3466 | D        | Reached skill level 10 in Dodging
  3466 | D        | Received a gift from Yredelemnul (a phantasmal warrior)
  3543 | D        | Got the ring of Banetiyf {rPois AC+4 Str+2 Stlth+}
  3677 | D        | Noticed a merfolk impaler
  3677 | D        | Noticed a fire giant
  3684 | D        | Received a gift from Yredelemnul (a vampire knight)
  3685 | D        | Killed a fire giant
  3685 | D        | Reached skill level 27 in Invocations
  3685 | D        | Received a gift from Yredelemnul (a skeletal warrior)
  3688 | D        | Killed a nagaraja
  3698 | D        | Killed a merfolk impaler
  3704 | D        | Received a gift from Yredelemnul (a flayed ghost)
  3708 | D        | Received a gift from Yredelemnul (a phantasmal warrior)
  3709 | D        | Received a gift from Yredelemnul (a vampire)
  3709 | D        | Received a gift from Yredelemnul (a vampire)
  3710 | D        | Noticed a green draconian
  3720 | D        | Killed a green draconian
  3721 | D        | Received a gift from Yredelemnul (a skeletal warrior)
  3725 | D        | Received a gift from Yredelemnul (a vampire knight)
  3725 | D        | Received a gift from Yredelemnul (a flayed ghost)
  3729 | D        | Identified the ring "Numiublu" {rPois rCorr Str+6 Dex+2}
  3729 | D        | Noticed a minotaur
  3729 | D        | Noticed a titan
  3734 | D        | Killed a minotaur
  3734 | D        | Received a gift from Yredelemnul (a skeletal warrior)
  3734 | D        | Received a gift from Yredelemnul (a skeletal warrior)
  3734 | D        | Killed a titan
  3842 | D        | Got the Reference Book on Spatial Weightlessness
  4013 | D        | Noticed a shadow dragon
  4014 | D        | Noticed a black draconian
  4014 | D        | Noticed a deep elf sorcerer
  4014 | D        | Noticed a nagaraja
  4015 | D        | Noticed a purple draconian
  4016 | D        | Reached skill level 15 in Shields
  4017 | D        | Killed a nagaraja
  4017 | D        | Reached skill level 15 in Axes
  4017 | D        | Noticed a sphinx
  4017 | D        | Noticed a sphinx
  4018 | D        | Killed a deep elf sorcerer
  4018 | D        | Reached XP level 14. HP: 105/119 MP: 12/31
  4019 | D        | Noticed a sphinx
  4020 | D        | Noticed a sphinx
  4020 | D        | Killed a shadow dragon
  4021 | D        | Received a gift from Yredelemnul (a vampire)
  4021 | D        | Received a gift from Yredelemnul (a phantasmal warrior)
  4021 | D        | Noticed a lich
  4021 | D        | Noticed a green draconian scorcher
  4022 | D        | Noticed Frances
  4023 | D        | Killed a sphinx
  4026 | D        | Killed a sphinx
  4028 | D        | Killed a ghostly sphinx
  4029 | D        | Received a gift from Yredelemnul (a skeletal warrior)
  4030 | D        | Killed a lich
  4031 | D        | Received a gift from Yredelemnul (a vampire)
  4031 | D        | Killed a sphinx
  4034 | D        | Killed a sphinx
  4038 | D        | Received a gift from Yredelemnul (a flayed ghost)
  4038 | D        | Received a gift from Yredelemnul (a vampire)
  4041 | D        | Noticed a Tzitzimitl
  4041 | D        | Killed Frances
  4045 | D        | Killed a green draconian scorcher
  4211 | D        | Noticed a sphinx
  4216 | D        | Killed a sphinx
  4220 | D        | Received a gift from Yredelemnul (a vampire knight)
  4247 | D        | Got the Volume of the Creative Compass
  4258 | D        | Got the Handbook of the Ashen Birds
  4262 | D        | Got the Collected Works on Confrontation
  4268 | D        | Got the Incunabulum of Black Secrets
  4272 | D        | Got the Grimoire of the Sinister Oath
  4297 | D        | Got the ring "Puotatti" {rN+ AC-4}
  4303 | D        | Got the amulet of a Hundred Songs {Faith +Fly rPois Int+4}
  4306 | D        | Got the amulet of Uloewag {Faith rC+ rN+}
  4309 | D        | Got the amulet of Cedulufa {Spirit Int+5}
  4312 | D        | Got the amulet of Uhiacw {Reflect Str+3 SH+5 SInv}
  4319 | D        | Got the amulet "Reudiosu" {Spirit MP+9}
  4322 | D        | Got the amulet "Vichufaf" {Faith MR+ Dex+3 SInv}
  4327 | D        | Got the ring "Uniron" {rPois Dex+3}
  4330 | D        | Got the amulet "Qoajal" {Reflect +Fly Slay+3 SH+5}
  4343 | D        | Got the ring "Rush" {*Contam rPois rF+ Str+4}
  4346 | D        | Got the amulet "Wovu" {Spirit Slay+2 Stlth+}
  4348 | D        | Got the ring "Icle Cedgh" {rElec MP+9 Stlth+}
  4352 | D        | Got the ring "Owosic" {rPois rC+ Str-4 Dex+4}
  4355 | D        | Got the ring "Ythrian" {EV+6 Dex+2}
  4358 | D        | Got the ring "Siavvak" {AC+6 Stlth+}
  4363 | D        | Got the ring "Edejanys" {rElec rPois MR+++ Str-4 Slay-4}
  4365 | D        | Got the ring of Wariness {Ice *Drain rN+ Str+5}
  4371 | D        | Got the ring "Bumiekk" {rF+ Str+6 Dex+3 SInv}
  4374 | D        | Got the ring "Ijois" {rF+ rC++}
  4379 | D        | Got the ring of Medwetonn {Int+6 Dex+4}
  4381 | D        | Got the ring of Linearity {Fire Dex+5}
  4524 | D        | Received a gift from Yredelemnul (a phantasmal warrior)
  4524 | D        | Gained mutation: Potions are less effective at restoring
                  | your health. [a neqoxec]
  4529 | D        | Received a gift from Yredelemnul (a vampire)
  4554 | D        | Noticed a deep elf sorcerer
  4556 | D        | Noticed a deep elf sorcerer
  4556 | D        | Noticed an angel
  4556 | D        | Noticed a deep elf sorcerer
  4556 | D        | Noticed a stone giant
  4558 | D        | Killed a deep elf sorcerer
  4559 | D        | Received a gift from Yredelemnul (a phantasmal warrior)
  4559 | D        | Noticed an emperor scorpion
  4560 | D        | Killed a deep elf sorcerer
  4560 | D        | Received a gift from Yredelemnul (a flayed ghost)
  4560 | D        | Received a gift from Yredelemnul (a vampire)
  4560 | D        | Received a gift from Yredelemnul (a vampire)
  4561 | D        | Killed a deep elf sorcerer
  4563 | D        | Killed a stone giant
  4565 | D        | Received a gift from Yredelemnul (a vampire)
  4565 | D        | Received a gift from Yredelemnul (a skeletal warrior)
  4565 | D        | Received a gift from Yredelemnul (a vampire knight)
  4567 | D        | Killed an angel
  4568 | D        | Received a gift from Yredelemnul (a vampire knight)
  4568 | D        | Received a gift from Yredelemnul (a ghoul)
  4568 | D        | Received a gift from Yredelemnul (a flayed ghost)
  4571 | D        | Killed an emperor scorpion
  4573 | D        | Reached XP level 15. HP: 130/130 MP: 10/32
  4580 | D        | Killed a deep elf master archer
  4591 | D        | Received a gift from Yredelemnul (a vampire)
  4591 | D        | Noticed a frost giant
  4598 | D        | Received a gift from Yredelemnul (a phantasmal warrior)
  4603 | D        | Killed a frost giant
  4680 | D        | Noticed Jory
  4681 | D        | Noticed a Killer Klown
  4693 | D        | Received a gift from Yredelemnul (a vampire)
  4693 | D        | Received a gift from Yredelemnul (a skeletal warrior)
  4693 | D        | Killed Jory
  4693 | D        | Killed a Killer Klown
  4693 | D        | Reached skill level 15 in Fighting
  4693 | D        | Reached skill level 15 in Dodging
  4695 | D        | Received a gift from Yredelemnul (a phantasmal warrior)
  4695 | D        | Received a gift from Yredelemnul (a vampire knight)
  4695 | D        | Received a gift from Yredelemnul (a skeletal warrior)
  4709 | D        | Killed a frost giant
  4710 | D        | Received a gift from Yredelemnul (a ghoul)
  4732 | D        | Received a gift from Yredelemnul (a phantasmal warrior)
  5015 | D        | Noticed an orc warlord
  5015 | D        | Noticed an orc warlord
  5015 | D        | Noticed an orc warlord
  5015 | D        | Noticed an orc warlord
  5016 | D        | Noticed an orc warlord
  5017 | D        | Received a gift from Yredelemnul (a flayed ghost)
  5017 | D        | Received a gift from Yredelemnul (a ghoul)
  5017 | D        | Received a gift from Yredelemnul (a vampire)
  5017 | D        | Received a gift from Yredelemnul (a phantasmal warrior)
  5017 | D        | Received a gift from Yredelemnul (a skeletal warrior)
  5018 | D        | Received a gift from Yredelemnul (a skeletal warrior)
  5018 | D        | Received a gift from Yredelemnul (a phantasmal warrior)
  5018 | D        | Received a gift from Yredelemnul (a flayed ghost)
  5019 | D        | Killed an orc warlord
  5019 | D        | Received a gift from Yredelemnul (a vampire)
  5020 | D        | Reached skill level 15 in Armour
  5020 | D        | Received a gift from Yredelemnul (a skeletal warrior)
  5020 | D        | Received a gift from Yredelemnul (a skeletal warrior)
  5020 | D        | Noticed an orc warlord
  5021 | D        | Noticed an orc warlord
  5021 | D        | Noticed an orc warlord
  5021 | D        | Killed an orc warlord
  5023 | D        | Received a gift from Yredelemnul (a flayed ghost)
  5023 | D        | Received a gift from Yredelemnul (a phantasmal warrior)
  5025 | D        | Killed an orc warlord
  5026 | D        | Received a gift from Yredelemnul (a phantasmal warrior)
  5028 | D        | Received a gift from Yredelemnul (a vampire)
  5028 | D        | Killed an orc warlord
  5035 | D        | Killed an orc warlord
  5036 | D        | Killed an orc warlord
  5036 | D        | Received a gift from Yredelemnul (a phantasmal warrior)
  5039 | D        | Killed an orc warlord
  5043 | D        | Received a gift from Yredelemnul (a skeletal warrior)
  5043 | D        | Received a gift from Yredelemnul (a vampire)
  5045 | D        | Killed an orc warlord
  5046 | D        | Received a gift from Yredelemnul (a vampire)
  5048 | D        | Got a silver rune of Zot
  5421 | D        | Noticed a fire giant
  5430 | D        | Killed a fire giant
  5430 | D        | Reached skill level 1 in Evocations
  5680 | D        | Noticed Kodibu the pandemonium lord
  5713 | D        | Killed Kodibu the pandemonium lord
  5713 | D        | Reached XP level 16. HP: 49/147 MP: 33/33
  5714 | D        | Received a gift from Yredelemnul (a vampire)
  6104 | D        | Noticed a greater mummy
  6119 | D        | Killed a greater mummy
  6388 | D        | Received a gift from Yredelemnul (a profane servitor)
  6460 | D        | Noticed a Brimstone Fiend
  6460 | D        | Noticed a pearl dragon
  6469 | D        | Killed a pearl dragon
  6470 | D        | Received a gift from Yredelemnul (a vampire knight)
  6477 | D        | HP: 2/147 [hellion/damnation (23)]
  6478 | D        | Killed from afar by a hellion

Illustrated notes

Levels and vault maps discovered:
D:        pitsprint [storerooms_1, entrance_room_1, metal_vault_4, armoury_3,
          mini_pit_1, grid_room_1, main_hall_1, silver_pit, the_coven_2,
          the_vestibule_1, steel_vault_2, golden_pit, hallway_of_sentries,
          crystal_vault_1, iron_vault_4, final_vault]

Skill      XL: |  1  2  3  4  5  6  7  8  9 10 11 12 13 14 15 16 |
---------------+-------------------------------------------------+-----
Axes           | 3 4 5 6 8 9 10 11 13 15 17 18 | 18.0
Shields        | 3 4 5 6 7 8 9 10 11 13 15 17 21 22 | 22.2
Armour         | 3 4 5 6 7 8 10 11 13 16 | 16.8
Dodging        | 1 2 3 4 5 6 7 8 9 11 13 17 18 | 18.1
Invocations    | 2 3 5 7 9 10 12 14 15 17 24 27 | 27.0
Fighting       | 4 5 6 7 8 9 11 12 14 17 18 | 18.1
Evocations     | 6 9 |  9.7

Action                   |  1- 3 |  4- 6 |  7- 9 | 10-12 | 13-15 | 16-18 || total
-------------------------+-------+-------+-------+-------+-------+-------++-------
Melee: War axe           |    18 |    63 |       |       |       |       ||    81
       Broad axe         |       |       |    19 |    52 |   148 |    33 ||   252
Invok: Injury Mirror     |       |     1 |       |       |     1 |       ||     2
       Drain Life        |       |     1 |     6 |    16 |    29 |     1 ||    53
       Enslave Soul      |       |       |       |       |       |     1 ||     1
Evoke: Wand              |       |       |     1 |       |       |       ||     1
       Condenser vane    |       |       |       |       |       |     2 ||     2
  Use: Scroll            |       |     1 |       |     7 |     1 |       ||     9
       Potion            |       |     1 |     2 |     3 |       |       ||     6
 Stab: Distracted        |       |       |     2 |     1 |     2 |       ||     5
       Petrified         |       |       |       |       |     5 |       ||     5
Armor: Scale mail        |     9 |     4 |       |       |       |       ||    13
       Plate armour      |       |    59 |     3 |       |       |       ||    62
       Chain mail        |       |       |     8 |    38 |    63 |     3 ||   112
Dodge: Dodged            |     4 |    19 |    15 |    30 |    48 |     4 ||   120
Block: Kite shield       |     6 |    57 |    15 |    51 |     4 |       ||   133
       Tower shield      |       |       |       |       |   181 |    19 ||   200
       Reflection        |       |       |       |       |     1 |       ||     1

Table legend: (Time is in decaauts)
 A = Elapsed time spent in this place.
 B = Non-inter-level travel time spent in this place.
 C = Inter-level travel time spent in this place.
 D = Time resting spent in this place.
 E = Time spent auto-exploring this place.
 F = Levels seen in this place.
 G = Mean time per level.
                   A        B        C        D        E       F      G
               +--------+--------+--------+--------+--------+-----+--------+
         Total |   6489 |   6115 |    374 |   4393 |      0 |   1 | 6489.0 |
       Dungeon |   6489 |   6115 |    374 |   4393 |      0 |   1 | 6489.0 |
               +--------+--------+--------+--------+--------+-----+--------+

Top non-repeatable levels by time:
       D: 6489 daAuts
